 Dungeon Crawl Stone Soup version 0.30.0-10-gfe55d96785 (webtiles) character file.

Game seed: 2459072536565531506

47 monsoonserge the Covered (level 4, -2/38 HPs)
             Began as a Meteoran Fighter on May 16, 2023.
             Slain by a cerulean imp
             ... wielding a +0 spear
             ... summoned by Natasha
              (4 damage)
             ... on level 3 of the Dungeon.
             The game lasted 00:04:41 (666 turns).

monsoonserge the Covered (Meteoran Fighter)          Turns: 666, Time: 00:04:42

Health: -2/38      AC:  7    Str: 19    XL:     4   Next: 17%
Magic:  5/5        EV:  9    Int: 10    God:
Gold:   80         SH:  5    Dex: 13    Spells: 3/3 levels left

rFire   . . .        a - +0 flail
rCold   . . .        c - +0 buckler
rNeg    . . .        b - +0 scale mail
rPois   +            (no helmet)
rElec   .            (no cloak)
rCorr   .            (no gloves)
SInv    .            (no boots)
Will    .....        (no amulet) Stlth
                     g - ring of poison resistance
HPRegen 0.26/turn    (no ring)
MPRegen 0.09/turn

%: no passive effects
@: glowing
A: sense surroundings 1, otherworldly, glowing, explore regen
a: no special abilities


You were on level 3 of the Dungeon.
You visited 1 branch of the dungeon, and saw 3 of its levels.

You collected 80 gold pieces.

Inventory:

Hand Weapons
 a - a +0 flail (weapon)
Missiles
 l - 3 boomerangs (quivered)
 n - a throwing net
Armour
 b - a +0 scale mail (worn)
 c - a +0 buckler (worn)
Jewellery
 f - an amulet of magic regeneration
 g - a ring of poison resistance (left hand)
Scrolls
 e - 2 scrolls of identify {unknown}
 h - 2 scrolls of amnesia {unknown}
 i - a scroll of summoning {unknown}
 j - a scroll of fear {unknown}
 k - a scroll of noise {unknown}
Potions
 d - a potion of might
 m - 2 potions of magic {unknown}
 o - a potion of mutation {unknown}


   Skills:
 + Level 3.5 Fighting
 + Level 3.4 Maces & Flails
 + Level 4.3 Armour
 + Level 0.2 Dodging
 + Level 4.2 Shields


You had 3 spell levels left.
You didn't know any spells.
Your spell library was empty.

Dungeon Overview and Level Annotations

Branches:
Dungeon (3/15) Zot: 1101

Altars:

Annotations:
D:3 Natasha


Innate Abilities, Weirdness & Mutations

You passively map a small area around you.
You are easily found by Zot.
You glow in the dark.
You regain HP and MP as you explore.


Message History

The cerulean imp hits you but does no damage.
You hit Natasha but do no damage. You block Natasha's attack.
The cerulean imp hits you from afar with a +1 spear.
You barely miss Natasha.
Natasha wildly gestures.
Natasha shimmers violently.
Natasha claws you.
The cerulean imp hits you but does no damage.
Natasha claws you.
You closely miss Natasha.
The cerulean imp hits you from afar with a +1 spear.
Natasha barely misses you.
You barely miss Natasha. You block the cerulean imp's attack.
Natasha claws you.
* * * LOW HITPOINT WARNING * * *
You aren't carrying any items that you can evoke.
You sock Natasha!
Natasha is heavily wounded.
The cerulean imp hits you but does no damage.
Natasha mumbles some strange words.
You feel troubled. Natasha claws you but does no damage.
The cerulean imp hits you from afar with a +1 spear.
* * * LOW HITPOINT WARNING * * *
You completely miss Natasha.
Natasha is heavily wounded.
Natasha claws you but does no damage.
The cerulean imp hits you but does no damage.
You closely miss Natasha.
Natasha is heavily wounded.
The cerulean imp disappears in a puff of smoke!
Natasha mumbles some strange words.
Natasha casts a spell.
You hit Natasha.
Natasha is almost dead.
An adder comes into view.
Natasha stares at you and mumbles some strange words.
The magic dart hits you!
* * * LOW HITPOINT WARNING * * *
The cerulean imp hits you with a +0 spear.
You die...

#.#### #
#.# #.#*
##.##...##.
#..........
***
#..##.#....
#..#*.#.#..
,
#.5##.S...#
,, *
#.†#......#
#5@h.# ,
#.##§.....#
* #.
*#.....#
#.* .#.###
#.* . .# ..
##*.. .. .
*.. * , *


You could see Natasha, 2 cerulean imps and an adder (wandering).

Vanquished Creatures
  An adder (D:2)
  A worm (D:2)
  A dart slug (D:2)
  A ball python (D:2)
  4 bats
  5 endoplasms
  A giant cockroach (D:2)
  4 goblins
  5 hobgoblins
  2 jackals (D:2)
  A quokka (D:1)
  A frilled lizard (D:1)
  3 kobolds
  A rat (D:1)
31 creatures vanquished.

Notes
Turn   | Place    | Note
-------+----------+-------------------------------------------
     0 | D:1      | monsoonserge the Meteoran Fighter began the quest for the
                  | Orb.
     0 | D:1      | Reached XP level 1. HP: 19/19 MP: 2/2
    92 | D:1      | Reached XP level 2. HP: 26/26 MP: 3/3
   294 | D:2      | Reached XP level 3. HP: 31/31 MP: 4/4
   515 | D:3      | Reached XP level 4. HP: 38/38 MP: 5/5
   652 | D:3      | Noticed Natasha
   666 | D:3      | Slain by a cerulean imp

Illustrated notes

Levels and vault maps discovered:
D:1:      scummos_arrival_gate, layout_rooms, grunt_decor_one_mirror
D:2:      layout_basic
D:3:      layout_loops_ring, serial_shops, nicolae_shop_trees,
          minmay_misc_feat_encased, uniq_natasha

Skill      XL: |  1  2  3 |
---------------+----------+-----
Maces & Flails | 3 |  3.4
Shields        | 4 |  4.2
Armour         | 4 |  4.3
Fighting       | |  3.5
Dodging        | |  0.2

Action                     |  1- 3 |  4- 6 || total
---------------------------+-------+-------++-------
  Melee: Flail             |    92 |    25 ||   117
 Armour: Scale mail        |    44 |    18 ||    62
  Dodge: Dodged            |    28 |     6 ||    34
  Block: Buckler           |    29 |     8 ||    37
